Cogmind - Beta 9.2 @@@ ROGUE MODE // 2019.11.22 @ 02:58:31 Player: Finestep Result: Destroyed by G-67 Veteran with Plasma Rifle Performance ------------- Evolutions (4) 2000 Regions Visited (11) 2200 Robots Destroyed (241) 1205 Value Destroyed (8326) 8326 Prototype IDs (28) 560 Alien Tech Used (0) 0 Bonus (2350) 2350 TOTAL SCORE: 16641 Bonus ------- High Alert Combat Kills 1464 Follower Combat Kills 300 Entered Garrisons 200 Used RIF Installer 500 Aligned with FarCom 300 Friendly Fire -414 Cogmind --------- Core Integrity 0/850 Matter 138/300 Energy 73/100 System Corruption 4% Temperature Cool (0) Movement Rolling (160) Ox7 Location -6/Extension Parts ------- > --- POWER (1) -------- (None) > --- PROPULSION (3) --- Light Treads Armored Wheel > --- UTILITY (9) ------ Advanced Heat Sink Medium Storage Unit Large Storage Unit High-capacity Storage Unit High-capacity Storage Unit Improved Target Analyzer System Backup Module > --- WEAPON (2) ------- (None) > --- INVENTORY (30) --- Coolant Injector Medium Battery (200) Long-range Terrain Scanner Energy Filter Remote Force Field Hacking Suite Hacking Suite Relay Coupler [NC] (33) Relay Coupler [NC] (23) Relay Coupler [Sentry] (19) Relay Coupler [Specialist] (18) Heavy Machine Gun Gauss Cannon Gauss Cannon Heavy Flak Cannon Field Lobotomy Kit Plasma Cutter Katana Peak State ------------ > --- POWER ------------ Enhanced Nuclear Core > --- PROPULSION ------- Improved Medium Treads Armored Huge Wheel > --- UTILITY ---------- Advanced Heat Sink Medium Storage Unit Large Storage Unit High-capacity Storage Unit High-capacity Storage Unit Weapon Cycler Hardened Medium Armor Plating Medium Reflective Plating Medium Reflective Plating > --- WEAPON ----------- Hypervelocity Gauss Rifle Heavy Machine Gun > --- INVENTORY -------- Reinforced Deuterium Engine Medium Treads Improved Medium Treads Armored Wheel Advanced Heat Sink Coolant Injector Medium Battery Long-range Terrain Scanner Improved Target Analyzer Energy Filter Layered Medium Armor Plating Hacking Suite Hacking Suite Relay Coupler [NC] Relay Coupler [NC] Relay Coupler [Sentry] Relay Coupler [Specialist] System Backup Module Phase Cannon Heavy Plasma Cannon Gauss Rifle Heavy Machine Gun Gauss Cannon Gauss Cannon Magnetic Acceleration Cannon Heavy Flak Cannon Long-range Missile Launcher Field Lobotomy Kit Plasma Cutter Katana [Rating: 64] Favorites ----------- Power Light Nuclear Core Engine Ion Engine Power Core Light Nuclear Core Propulsion Armored Wheel Treads Armored Treads Leg Improved Titanium Leg Wheel Armored Wheel Utility High-capacity Storage Unit Device Weapon Cycler Storage High-capacity Storage Unit Processor Enhanced Optical Array Protection Improved Medium Armor Plating Weapon Assault Rifle Energy Gun Heavy Particle Gun Energy Cannon Phase Cannon Ballistic Gun Assault Rifle Ballistic Cannon Gauss Cannon Launcher Rocket Launcher Special Weapon Mining Laser Slashing Weapon Katana Build | -11 -10 -10 -10 -9 -8 -7 -7 -7 -7 -6 -6 ------- Run | Scr Mat Min Exi Min Mat Fac Was Fac Gar Fac Ext Slots Evolved 8 | . . . . . 4 2 . . . 2 . Power . | . . . . . . . . . . . . Propulsion 1 | . . . . . 1 . . . . . . Utility 7 | . . . . . 3 2 . . . 2 . Weapon . | . . . . . . . . . . . . Parts Attached 240 | 7 2 1 2 7 43 8 1 45 34 21 69 Power 22 | 1 . . . . 7 . . 4 3 3 4 Engine 10 | 1 . . . . 4 . . 2 . 1 2 Core 12 | . . . . . 3 . . 2 3 2 2 Reactor . | . . . . . . . . . . . . Propulsion 50 | 2 . . 1 3 10 1 . 20 3 2 8 Treads 28 | 1 . . . 2 6 1 . 13 . . 5 Leg 4 | . . . . . . . . 3 . 1 . Wheel 18 | 1 . . 1 1 4 . . 4 3 1 3 Hover . | . . . . . . . . . . . . Flight . | . . . . . . . . . . . . Utility 71 | 2 2 . . . 7 7 . 8 11 11 23 Device 29 | . . . . . 3 4 . 5 4 4 9 Storage 12 | 2 2 . . . 3 1 . . 1 . 3 Processor 3 | . . . . . . 1 . 1 . . 1 Hackware . | . . . . . . . . . . . . Protection 27 | . . . . . 1 1 . 2 6 7 10 Artifact . | . . . . . . . . . . . . Weapon 97 | 2 . 1 1 4 19 . 1 13 17 5 34 Energy Gun 12 | . . . . . 6 . . 1 5 . . Energy Cannon 17 | . . . . 1 . . . 3 2 2 9 Ballistic Gun 24 | 2 . . 1 2 7 . . 3 . . 9 Ballistic Cannon 13 | . . . . . 1 . . 2 3 1 6 Launcher 18 | . . . . . 1 . 1 1 4 2 9 Special Weapon 3 | . . 1 . . . . . . 2 . . Impact Weapon . | . . . . . . . . . . . . Slashing Weapon 10 | . . . . 1 4 . . 3 1 . 1 Piercing Weapon . | . . . . . . . . . . . . Special Melee Weapon . | . . . . . . . . . . . . Unidentified Prototypes 2 | . . . . . 1 . . 1 . . . Parts Lost 64 | . . . . 6 13 . 1 2 4 1 37 Power 9 | . . . . 1 2 . . 1 1 . 4 Propulsion 16 | . . . . 2 5 . . 1 . . 8 Utility 17 | . . . . . . . 1 . . 1 15 Weapon 22 | . . . . 3 6 . . . 3 . 10 Highest Loss Streak 11 | . . . . 6 6 . 1 1 4 1 11 Average Slot Usage (%) 92 | . 100 100 100 81 85 92 95 98 95 93 88 Engine 4 | . 14 14 14 5 7 7 7 2 . . 2 Core 2 | . . . . . 1 . . 4 6 5 2 Treads 8 | . 14 14 14 14 11 15 15 10 3 . 3 Wheel 12 | . 14 14 14 11 13 7 7 5 14 18 12 Device 10 | . . . . . 7 22 10 15 11 15 12 Storage 24 | . 28 28 28 28 26 23 23 23 25 21 24 Processor 2 | . . . . . . . 7 6 7 1 . Protection 7 | . . . . . 1 . 7 6 8 14 15 Energy Gun 3 | . . . . . 4 7 7 4 8 . . Energy Cannon 2 | . . . . . . . . 3 1 5 4 Ballistic Gun 7 | . 28 16 16 19 11 . . 3 . . 3 Ballistic Cannon 2 | . . . . . 1 7 2 2 2 6 4 Naked Turns . | . . . . . . . . . . . . Heaviest Build 146 | 17 49 49 48 49 89 100 100 113 113 132 146 Greatest Support 78 | 20 20 16 16 40 62 16 16 78 36 36 50 Greatest Overweight (x) 8 | . 3 3 2 4 5 6 6 8 8 5 7 Average Overweight (x) 2 | . 2 2 2 3 2 5 6 3 2 3 3 Largest Inventory Capacity 30 | 8 16 16 16 16 24 26 26 26 26 26 30 Average Capacity 23 | 7 14 16 16 16 23 24 26 26 26 26 27 Most Carried 30 | 5 14 16 16 16 24 24 24 26 26 26 30 Average Carried 22 | 3 11 15 15 14 21 23 24 25 25 25 25 Final Capacity 30 | 8 16 16 16 16 24 26 26 26 26 26 30 Final Carried 26 | 5 14 16 16 13 24 24 24 26 26 26 18 Class Distribution -------------------- 72% | Hauler-Mutant 22% | Mutant 5% | Scavenger-Mutant Dominant Class ---------------- Mutant | -10/Materials Mutant | -10/Mines Mutant | -10/Exiles Mutant | -9/Mines Hauler-Mutant | -8/Materials Hauler-Mutant | -7/Factory Hauler-Mutant | -7/Waste Hauler-Mutant | -7/Factory Hauler-Mutant | -7/Garrison Hauler-Mutant | -6/Factory Hauler-Mutant | -6/Extension Resources | -11 -10 -10 -10 -9 -8 -7 -7 -7 -7 -6 -6 ----------- Run | Scr Mat Min Exi Min Mat Fac Was Fac Gar Fac Ext Matter Collected 6462 | 325 339 . 42 174 1075 141 . 705 842 541 2278 Remotely . | . . . . . . . . . . . . Salvage Created 10506 | 131 447 . . 320 1761 142 282 914 1707 740 4062 Parts 493 | 12 39 . . 12 93 9 1 44 68 26 189 Haulers Intercepted 10 | . 1 . . . 3 . . 4 . . 2 Recyclers Shooed 14 | . . . . . . 1 . . . 4 9 Parts Field Recycled . | . . . . . . . . . . . . Retrieved Matter . | . . . . . . . . . . . . Parts Self-Destructed . | . . . . . . . . . . . . Prevented . | . . . . . . . . . . . . Kills | -11 -10 -10 -10 -9 -8 -7 -7 -7 -7 -6 -6 ------- Run | Scr Mat Min Exi Min Mat Fac Was Fac Gar Fac Ext Combat Hostiles Destroyed 163 | . 9 . . 5 32 1 1 8 31 14 62 Melee 2 | . . . . . . . . . . . 2 Guns 68 | . 9 . . 5 30 . . 2 8 . 14 Cannons 44 | . . . . . 1 1 . . 9 9 24 AOE 44 | . . . . . 1 . 1 4 12 5 21 Classes Destroyed 20 | 3 6 . . 1 2 . 1 2 2 . 3 Worker 14 | 1 1 . . 1 7 1 . 2 . 1 . Builder 12 | . 2 . . 1 2 . . 1 . . 6 Tunneler 8 | 3 1 . . . 2 . . 1 . . 1 Hauler 10 | . 1 . . . 3 . . 4 . . 2 Recycler 18 | 1 1 . . 2 1 1 . 3 . 3 6 Mechanic 2 | . 1 . . . . . . 1 . . . Operator 5 | . 1 . . . 2 . . . . . 2 Watcher 7 | . . . . . 3 . . 2 . 1 1 Swarmer 42 | . 7 . . . 7 . . 3 8 7 10 Saboteur 1 | . . . . . . . . . . . 1 Grunt 74 | . 2 . . 2 22 1 . 2 13 2 30 Brawler 2 | . . . . . . . . . 2 . . Duelist 11 | . . . . . . . . . 4 1 6 Protector 1 | . . . . . . . . . . . 1 Sentry 16 | . . . . . 3 1 . 1 4 2 5 Hunter 4 | . . . . . . . . 1 . . 3 Programmer 4 | . . . . . . . . 1 . 2 1 Behemoth 2 | . . . . . . . . . . . 2 Compactor 1 | . . . . . . . 1 . . . . Assembled 3 | . . . . 3 . . . . . . . Thug 2 | . . . . . . . . . . . 2 Savage 1 | . . . . . . . . . . . 1 Guerrilla 1 | . . . . . . . . . . . 1 Best Kill Streak 13 | 1 5 . . 2 13 1 1 6 11 6 11 Combat Bots Only 11 | . 4 . . 2 8 1 1 5 11 5 9 Max Kills in Single Turn 4 | 1 2 . . 1 2 1 1 4 3 2 4 Gunslinging . | . . . . . . . . . . . . Exploded 4 | . . . . . 1 . 1 3 3 2 4 Melee 1 | . . . . . . . . . . . 1 Uniques/NPCs Destroyed . | . . . . . . . . . . . . Combat | -11 -10 -10 -10 -9 -8 -7 -7 -7 -7 -6 -6 -------- Run | Scr Mat Min Exi Min Mat Fac Was Fac Gar Fac Ext Damage Taken 13318 | . 317 . . 1002 2159 151 52 550 1571 1137 6379 Core 1676 | . 67 . . 143 382 6 . 20 188 127 743 Absorbed by Shields 12 | . . . . . . . . . 12 . . Core Remaining (%) 53 | 100 . . . 16 30 . . . 69 . . Volleys Fired 709 | 12 54 1 . 41 147 13 9 48 112 51 221 Largest 2 | 2 2 1 . 2 2 2 1 2 2 2 2 Hottest 180 | 40 40 100 . 95 149 99 33 138 138 138 180 Shots Fired 1262 | 24 108 1 . 53 279 26 9 94 181 96 391 Gun 779 | 24 108 . . 50 266 13 . 54 107 . 157 Cannon 416 | . . . . 3 9 13 . 39 48 92 212 Launcher 54 | . . . . . 4 . 9 1 14 4 22 Special 13 | . . 1 . . . . . . 12 . . Kinetic 814 | 24 108 . . 50 210 13 . 42 24 46 297 Thermal 334 | . . 1 . 3 43 13 . 37 119 46 72 Explosive 35 | . . . . . 4 . 9 1 5 4 12 Electromagnetic 79 | . . . . . 22 . . 14 33 . 10 Robot Hit Streak 17 | 9 14 . . 8 16 8 2 6 17 8 11 Robot Miss Streak 10 | 1 3 . . 2 5 2 1 6 2 3 10 Penetration Max 2 | . . . . . . . . . . . 2 Secondary Targets 6 | . . . . . 4 . . . 1 . 1 Max Gunslinging Chain 1 | . . . . . 1 . . . 1 . 1 Shots Hit Robots 746 | 19 56 . . 32 192 16 2 52 96 59 222 Core Hits 460 | 6 22 . . 17 95 7 6 30 63 35 179 Critical Hits 75 | . . . . . 2 . . 3 1 4 65 Critical Kills 26 | . . . . . . . . 1 . 1 24 Critical Parts Destroyed 46 | . . . . . 2 . . 2 1 2 39 Melee Attacks 32 | . . . . 3 8 . . 6 13 . 2 Impact . | . . . . . . . . . . . . Slashing 32 | . . . . 3 8 . . 6 13 . 2 Piercing . | . . . . . . . . . . . . Sneak Attacks 3 | . . . . . 1 . . . . . 2 Combat Hostiles . | . . . . . . . . . . . . Follow-up Attacks . | . . . . . . . . . . . . Damage Inflicted 22927 | 208 726 . . 412 3518 367 560 1704 4268 2303 8861 Guns 7561 | 208 726 . . 387 2904 127 . 654 940 . 1615 Cannons 6811 | . . . . 25 112 240 . 577 705 1649 3503 Explosions 7103 | . . . . . 329 . 560 438 1590 654 3532 Melee 1292 | . . . . . 173 . . . 924 . 195 Ramming 51 | . . . . . . . . 35 . . 16 Kinetic 8892 | 208 726 . . 387 1963 240 . 453 270 864 3781 Thermal 5200 | . . . . 25 775 127 . 644 1249 785 1595 Explosive 5113 | . . . . . 272 . 560 217 734 654 2676 Electromagnetic 2379 | . . . . . 335 . . 355 1091 . 598 Impact . | . . . . . . . . . . . . Slashing 1292 | . . . . . 173 . . . 924 . 195 Piercing . | . . . . . . . . . . . . Highest Corruption 6 | . 1 1 1 1 . . . 1 1 2 6 Average Corruption 1 | . 1 1 1 1 . . . 1 1 1 3 Corruption Purged 2 | . . . . . . . . . . . 2 Effects 63 | . . 1 1 2 . . . . 9 3 47 Message Errors 19 | . . . . 2 . . . . 3 1 13 Matter Fused 8 | . . . . . . . . . . . 8 Heat Flow Errors 3 | . . . . . . . . . . 1 2 Energy Discharges 10 | . . . 1 . . . . . 3 . 6 Data Loss (minor) 6 | . . 1 . . . . . . 2 . 3 Data Loss (major) 2 | . . . . . . . . . . . 2 Targeting Errors 12 | . . . . . . . . . . 1 11 Weapon Failures 3 | . . . . . . . . . 1 . 2 Overload Shots . | . . . . . . . . . . . . Overflow Damage 424 | . . . . . 9 . 12 107 131 30 135 Projectiles 70 | . . . . . . . . 24 4 26 16 Explosions 231 | . . . . . 9 . 12 83 11 4 112 Melee 123 | . . . . . . . . . 116 . 7 Knockbacks 37 | . . . . . . 1 . 1 . 7 28 Impact . | . . . . . . . . . . . . Kinetic 31 | . . . . . . 1 . 1 . 7 22 Secondary 6 | . . . . . . . . . . . 6 Self-Inflicted Damage 370 | . . . . . . . 52 71 141 36 70 Shots 8 | . . . . . . . 2 1 3 1 1 Rammed 3 | . . . . . . . . 1 . . 2 Targets Rammed 3 | . . . . . . . . 1 . . 2 Kicked . | . . . . . . . . . . . . Crushed . | . . . . . . . . . . . . Highest Temperature 365 | . . 20 . 63 159 . . 148 156 279 365 Average Temperature 64 | . . 12 . 25 25 . . 28 42 84 79 Received Heat Transfer 4002 | . 54 . . 24 1062 48 . 96 390 180 2148 Siege Activations . | . . . . . . . . . . . . Robots Corrupted 6 | . . . . . . . . 3 2 . 1 Combat Hostiles 5 | . . . . . . . . 2 2 . 1 Parts Fried 11 | . . . . 1 . . . 5 4 . 1 Impact Corruptions 1 | . . . . . . . . 1 . . . Robots Melted . | . . . . . . . . . . . . Combat Hostiles . | . . . . . . . . . . . . Parts Melted 11 | . . . . . 1 1 . 2 3 1 3 Heat Transferred 8194 | . . . . 37 1632 259 . 977 2478 888 1923 Parts Sabotaged 2 | . . . . . . . . . . . 2 Parts Stolen . | . . . . . . . . . . . . Parts Stripped . | . . . . . . . . . . . . Power Chain Reactions 9 | . . . . . 1 . . 2 3 . 3 Missiles Intercepted . | . . . . . . . . . . . . Alert | -11 -10 -10 -10 -9 -8 -7 -7 -7 -7 -6 -6 ------- Run | Scr Mat Min Exi Min Mat Fac Was Fac Gar Fac Ext Peak Influence 1214 | 25 271 53 . 50 432 108 88 597 1214 645 1023 Average Influence 364 | 12 116 53 . 21 131 74 60 238 849 389 561 Maximum Alert Level 4 | . 1 . . . 2 . . 2 4 2 3 Low Security (%) 44 | 100 88 100 . 100 80 100 100 47 . 18 4 Level 1 20 | . 11 . . . 18 . . 27 8 46 32 Level 2 13 | . . . . . . . . 24 9 35 22 Level 3 17 | . . . . . . . . . 52 . 40 Level 4 4 | . . . . . . . . . 30 . . Level 5 . | . . . . . . . . . . . . High Security . | . . . . . . . . . . . . Max Security . | . . . . . . . . . . . . Squads Dispatched 29 | . 1 . . 1 6 . . 5 . 4 12 Investigation 7 | . . . . . 2 . . 1 . 1 3 Extermination 2 | . . . . . . . . 1 . 1 . Reinforcement 15 | . 1 . . 1 4 . . 1 . 2 6 Assault 3 | . . . . . . . . . . . 3 Garrison 2 | . . . . . . . . 2 . . . Intercept . | . . . . . . . . . . . . Construction Impeded 5 | . . . . 1 . . . . . 1 3 Haulers Reinforced . | . . . . . . . . . . . . Stealth | -11 -10 -10 -10 -9 -8 -7 -7 -7 -7 -6 -6 --------- Run | Scr Mat Min Exi Min Mat Fac Was Fac Gar Fac Ext Distress Signals 15 | . 2 . . 3 3 . . . . . 7 Communications Jammed . | . . . . . . . . . . . . Distress Signals . | . . . . . . . . . . . . Times Spotted 250 | . 20 . . 9 67 1 6 11 32 14 90 Peak Tracking Total 10 | . 4 . . 6 9 1 5 2 9 6 10 Tactical Retreats 26 | . 2 . . . 7 . . . 4 1 12 Traps | -11 -10 -10 -10 -9 -8 -7 -7 -7 -7 -6 -6 ------- Run | Scr Mat Min Exi Min Mat Fac Was Fac Gar Fac Ext Traps Triggered 21 | . 1 . . . 1 1 . 5 4 . 9 Indirectly 3 | . . . . . . . . . 2 . 1 Trap Hack Attempts . | . . . . . . . . . . . . Triggered . | . . . . . . . . . . . . Disarmed . | . . . . . . . . . . . . Reprogrammed . | . . . . . . . . . . . . Reused . | . . . . . . . . . . . . Traps Extracted . | . . . . . . . . . . . . Installed . | . . . . . . . . . . . . Triggered . | . . . . . . . . . . . . Machines | -11 -10 -10 -10 -9 -8 -7 -7 -7 -7 -6 -6 ---------- Run | Scr Mat Min Exi Min Mat Fac Was Fac Gar Fac Ext Machines Disabled 13 | . . . . . 1 . . 1 6 1 4 Max in Single Turn 1 | . . . . . 1 . . 1 1 1 1 Garrison Relay 4 | . . . . . . . . . 4 . . Energy Cycler 2 | . . . . . . . . . . . 2 Machines Sabotaged . | . . . . . . . . . . . . Garrisons Compromised . | . . . . . . . . . . . . Overloaded Fab Kills . | . . . . . . . . . . . . Fab Network Shutdowns . | . . . . . . . . . . . . Hacking | -11 -10 -10 -10 -9 -8 -7 -7 -7 -7 -6 -6 --------- Run | Scr Mat Min Exi Min Mat Fac Was Fac Gar Fac Ext Machines Accessed 35 | . 4 1 2 . 7 . . 8 . 4 9 Terminals 25 | . 4 . . . 4 . . 5 . 3 9 Fabricators 1 | . . . . . . . . 1 . . . Repair Stations 2 | . . . . . 2 . . . . . . Recycling Units . | . . . . . . . . . . . . Scanalyzers 2 | . . . . . 1 . . 1 . . . Garrison Access 2 | . . . . . . . . 1 . 1 . Total Hacks 120 | . 20 1 12 . 27 . . 26 . 11 23 Successful 66 | . 11 1 12 . 17 . . 15 . 9 1 Failed 54 | . 9 . . . 10 . . 11 . 2 22 Catastrophic 9 | . . . . . 1 . . 1 . 1 6 Database Lockouts . | . . . . . . . . . . . . Manual 45 | . 16 . 1 . 4 . . 8 . 1 15 Terminals 80 | . 20 . . . 12 . . 17 . 8 23 Fabricators 6 | . . . . . . . . 6 . . . Repair Stations 6 | . . . . . 6 . . . . . . Recycling Units . | . . . . . . . . . . . . Scanalyzers 10 | . . . . . 9 . . 1 . . . Garrison Access 5 | . . . . . . . . 2 . 3 . Terminal Hacks 42 | . 8 1 12 . 6 . . 8 . 6 1 Record 11 | . . . 11 . . . . . . . . Robot Schematic 3 | . 3 . . . . . . . . . . Robot Analysis 3 | . 2 . . . . . . 1 . . . Prototype ID Bank 2 | . 2 . . . . . . . . . . Open Door 1 | . . 1 . . . . . . . . . Branch Access Points 1 | . . . . . . . . 1 . . . Terminal Index 1 | . . . . . . . . 1 . . . Unreport Threat 7 | . . . . . 2 . . 2 . 3 . Locate Traps 1 | . . . . . . . . . . 1 . Recall Reinforcements 1 | . . . . . 1 . . . . . . Hauler Manifests 3 | . . . . . 1 . . 1 . 1 . Zone Layout 7 | . 1 . . . 2 . . 2 . 1 1 EX-Prototype ID Bank 1 | . . . 1 . . . . . . . . Fabricator Hacks 3 | . . . . . . . . 3 . . . Load Schematic 1 | . . . . . . . . 1 . . . Build 2 | . . . . . . . . 2 . . . Repair Station Hacks 3 | . . . . . 3 . . . . . . Scan Component 1 | . . . . . 1 . . . . . . Repair 1 | . . . . . 1 . . . . . . Refit 1 | . . . . . 1 . . . . . . Recycling Unit Hacks . | . . . . . . . . . . . . Scanalyzer 8 | . . . . . 8 . . . . . . Insert Component 3 | . . . . . 3 . . . . . . Analyze 5 | . . . . . 5 . . . . . . Garrison Access Hacks 3 | . . . . . . . . 1 . 2 . Unlock Access 2 | . . . . . . . . 1 . 1 . Coupler Status 1 | . . . . . . . . . . 1 . Unauthorized Hacks 22 | . 9 . . . . . . 9 . 2 2 Terminals 5 | . 3 . . . . . . 2 . . . Track 1 | . 1 . . . . . . . . . . Assimilate 1 | . . . . . . . . 1 . . . Botnet 3 | . 2 . . . . . . 1 . . . Fabricators 1 | . . . . . . . . 1 . . . Prioritize 1 | . . . . . . . . 1 . . . Repair Stations . | . . . . . . . . . . . . Recycling Units . | . . . . . . . . . . . . Scanalyzers . | . . . . . . . . . . . . Garrison Access 1 | . . . . . . . . . . 1 . Eject 1 | . . . . . . . . . . 1 . Data Cores Recovered . | . . . . . . . . . . . . Used . | . . . . . . . . . . . . Hacking Detections 31 | . 4 . . . 7 . . 7 . 4 9 Full Trace Events 6 | . . . . . 2 . . 1 . . 3 Feedback Events . | . . . . . . . . . . . . Feedback Blocked . | . . . . . . . . . . . . Robot Schematics Acquired 3 | . 3 . . . . . . . . . . Robots Built 4 | . . . . . . . . 4 . . . Matter 372 | . . . . . . . . 372 . . . Time 156 | . . . . . . . . 156 . . . Total Robot Build Rating 10 | . . . . . . . . 10 . . . Part Schematics Acquired 3 | . . . . . 3 . . . . . . Parts Built . | . . . . . . . . . . . . Matter . | . . . . . . . . . . . . Time . | . . . . . . . . . . . . Total Part Build Rating . | . . . . . . . . . . . . Parts Repaired 1 | . . . . . 1 . . . . . . Time 38 | . . . . . 38 . . . . . . Parts Recycled . | . . . . . . . . . . . . Recycled Matter . | . . . . . . . . . . . . Retrieved Matter . | . . . . . . . . . . . . Retrieved Components . | . . . . . . . . . . . . Parts Scanalyzed 3 | . . . . . 3 . . . . . . Part Schematics Acquired 3 | . . . . . 3 . . . . . . Parts Damaged 1 | . . . . . 1 . . . . . . Bothacking | -11 -10 -10 -10 -9 -8 -7 -7 -7 -7 -6 -6 ------------ Run | Scr Mat Min Exi Min Mat Fac Was Fac Gar Fac Ext Used RIF Installer 1 | . . . . . . . . . 1 . . Robots Hacked . | . . . . . . . . . . . . Non-combat . | . . . . . . . . . . . . Combat . | . . . . . . . . . . . . Robot Hacks Applied . | . . . . . . . . . . . . Relay Couplers Released 15 | . . . . . . . . . 12 3 . Machine Destruction 12 | . . . . . . . . . 12 . . Programmers 3 | . . . . . . . . . . 3 . Robots Rewired 16 | . . . . . . 1 . . . . 15 Allies Hacked . | . . . . . . . . . . . . Hacks Repelled . | . . . . . . . . . . . . Allies | -11 -10 -10 -10 -9 -8 -7 -7 -7 -7 -6 -6 -------- Run | Scr Mat Min Exi Min Mat Fac Was Fac Gar Fac Ext Total Allies 22 | . . . . . . 1 . 4 . . 17 Largest Group 4 | . . . . . . 1 . 4 3 1 4 Highest-Rated Group 113 | . . . . . . 16 . 58 42 10 113 Highest-Rated Ally 37 | . . . . . . 16 . 16 16 10 37 Total Orders 15 | . . . . . . . . 2 10 3 . STAY 1 | . . . . . . . . 1 . . . GOTO 9 | . . . . . . . . . 7 2 . FOLLOW 4 | . . . . . . . . 1 3 . . EXPLORE 1 | . . . . . . . . . . 1 . Ally Attacks 96 | . . . . . . . . 6 2 . 88 Total Damage 1660 | . . . . . . . . 63 31 . 1566 Kills 13 | . . . . . . . . 2 . . 11 Allies Corrupted . | . . . . . . . . . . . . Allies Melted 1 | . . . . . . . . . . . 1 Intel | -11 -10 -10 -10 -9 -8 -7 -7 -7 -7 -6 -6 ------- Run | Scr Mat Min Exi Min Mat Fac Was Fac Gar Fac Ext Robot Analysis Total 3 | . 2 . . . . . . 1 . . . Derelict Logs Recovered . | . . . . . . . . . . . . Drone Launches 2 | . . . . . . . . . . 2 . Drone Recoveries . | . . . . . . . . . . . . Exploration | -11 -10 -10 -10 -9 -8 -7 -7 -7 -7 -6 -6 ------------- Run | Scr Mat Min Exi Min Mat Fac Was Fac Gar Fac Ext Turns Passed 11240 | 207 667 127 553 802 1798 372 130 1597 1766 970 2251 Spaces Moved 6230 | 104 392 96 455 475 829 210 70 858 1077 633 1031 Core 2 | 2 . . . . . . . . . . . Treads 411 | 90 9 . . 42 95 . . 161 . . 14 Legs 167 | . . . . . . . . 167 . . . Wheels 5650 | 12 383 96 455 433 734 210 70 530 1077 633 1017 Hover . | . . . . . . . . . . . . Flight . | . . . . . . . . . . . . Fastest Speed 50 | 50 120 120 120 120 100 150 160 125 110 110 110 Average Speed 131 | 150 123 121 120 128 132 150 160 150 119 123 132 Slowest Speed 280 | 160 160 130 120 210 205 160 160 280 170 140 220 Overloaded Moves . | . . . . . . . . . . . . Propulsion Burnouts . | . . . . . . . . . . . . Robots Hopped . | . . . . . . . . . . . . Cave-ins Triggered . | . . . . . . . . . . . . Exploration Rate (%) 49 | 7 54 17 72 82 60 7 80 22 97 20 79 Regions Visited 11 Branch Regions 4 Pre-discovered Areas 1 | . . . 1 . . . . . . . . Known Exits Taken 1 | . . . . . . . . 1 . . . Unknown Exits Taken 7 | 1 1 1 1 1 1 . . . . 1 . Scrap Searched 1 | . . . . 1 . . . . . . . Spaces Dug 74 | . . 1 . 3 3 . 9 6 16 1 35 Terrain Destroyed 505 | . . 1 . 5 41 . 48 57 68 70 215 Melee 12 | . . . . 3 3 . . 6 . . . Projectile 101 | . . 1 . 2 1 . . 9 1 27 60 AOE 392 | . . . . . 37 . 48 42 67 43 155 Actions | -11 -10 -10 -10 -9 -8 -7 -7 -7 -7 -6 -6 --------- Run | Scr Mat Min Exi Min Mat Fac Was Fac Gar Fac Ext Total 8135 | 127 467 103 462 613 1248 243 79 1083 1366 752 1592 Wait 501 | . 11 2 . 84 170 . . 68 81 12 73 Move 6221 | 103 391 95 454 474 828 210 69 858 1076 632 1031 Hop . | . . . . . . . . . . . . Pick Up 128 | 5 8 3 3 2 32 4 . 21 14 13 23 Fast Attach 73 | 7 . . . 1 14 3 . 19 6 8 15 Attach 59 | . . . . 3 14 2 . 6 3 6 25 Detach 5 | . . . . . 1 . . 2 . 2 . Swap 108 | . 2 1 2 3 15 3 1 20 25 7 29 Drop 118 | . 1 1 3 2 19 7 . 34 21 20 10 Fire 709 | 12 54 1 . 41 147 13 9 48 112 51 221 Melee 32 | . . . . 3 8 . . 6 13 . 2 Ram . | . . . . . . . . . . . . Kick . | . . . . . . . . . . . . Crush 3 | . . . . . . . . 1 . . 2 Escape Stasis 64 | . . . . . . . . . 15 . 49 Rewire 113 | . . . . . . 1 . . . . 112 Trap . | . . . . . . . . . . . . Miscellaneous 1 | . . . . . . . . . . 1 . Route ------- -11/Scrapyard -10/Materials (discovered 3 exits: [*Mat x2] / *Min) -10/Mines -10/Exiles -9/Mines -8/Materials -7/Factory -7/Waste -7/Factory (discovered 3 exits: Low x2 / Gar) -7/Garrison (discovered 3 exits: *Fac x3) -6/Factory (discovered 5 exits: [*Fac x2] / [*Low] / *Ext / Gar) -6/Extension (discovered 1 exit: [*Fac]) History --------- Turn | Location | Event 36 | -11/Scrapyard | Discovered new exit (range 15) 208 | -11/Scrapyard | Entered Materials 301 | -10/Materials | Build established: Mutant 459 | -10/Materials | Discovered new exit (range 7) 736 | -10/Materials | Discovered new exit (range 15) 784 | -10/Materials | Discovered new exit (range 16) 875 | -10/Materials | Entered Mines 880 | -10/Mines | Met a Derelict who couldn't figure out how to use a Trap Extractor 997 | -10/Mines | Deemed a non-threat by the Exiles lab entrance 997 | -10/Mines | Discovered new exit (range 5) 1002 | -10/Mines | Entered Exiles 1038 | -10/Exiles | Met 8R-AWN 1055 | -10/Exiles | Met EX-HEX 1124 | -10/Exiles | Met EX-DEC 1265 | -10/Exiles | Learned location of Zion (-6) 1288 | -10/Exiles | Met EX-BIN 1397 | -10/Exiles | Aligned with FarCom system 1398 | -10/Exiles | Given EX-Vault access code 1427 | -10/Exiles | Opened EX-Vault 1440 | -10/Exiles | Found Field Lobotomy Kit 1466 | -10/Exiles | Warned to stay clear of 0b10 Research branches 1540 | -10/Exiles | Discovered new exit (range 14) 1555 | -10/Exiles | Left Exiles lab with Field Lobotomy Kit 1555 | -10/Exiles | Entered Mines 1637 | -9/Mines | Received a Rocket Launcher from a helpful Derelict 1830 | -9/Mines | Assembled infested the area 1906 | -9/Mines | Core integrity fell below 50% 1913 | -9/Mines | Core integrity fell below 20% 1939 | -9/Mines | Lost 6 parts (1p2n3w) 2349 | -9/Mines | Discovered new exit (range 8) 2357 | -9/Mines | Entered Materials 2357 | -8/Materials | Evolved 4 slots: Propulsion x1, Utility x3 2841 | -8/Materials | Build established: Hauler-Mutant 3283 | -8/Materials | Lost 6 parts (3n3w) 3328 | -8/Materials | Destroyed 8 combat bots 3576 | -8/Materials | Lost 4 parts (1p1n2w) 3670 | -8/Materials | Core integrity fell below 50% 4037 | -8/Materials | Discovered new exit (range 8) 4116 | -8/Materials | Repaired Arm. Treads? 4155 | -8/Materials | Entered Factory 4155 | -7/Factory | Evolved 2 slots: Utility x2 4426 | -7/Factory | Discovered new exit (range 9) 4527 | -7/Factory | Sucked down chute 4527 | -7/Factory | Entered Waste 4551 | -7/Waste | Spotted C-40 Crusher 4558 | -7/Waste | Spotted C-40 Crusher 4566 | -7/Waste | Spotted C-40 Crusher 4579 | -7/Waste | Destroyed C-40 Crusher 4588 | -7/Waste | Spotted C-40 Crusher 4594 | -7/Waste | Spotted C-40 Crusher 4616 | -7/Waste | Spotted C-40 Crusher 4624 | -7/Waste | Discovered new exit (range 22) 4657 | -7/Waste | Entered Factory 6047 | -7/Factory | Fabricated G-47 Trooper? 6094 | -7/Factory | Garrison activated, responded to threat 6108 | -7/Factory | Fabricated O-16 Technician (x1) 6219 | -7/Factory | Identified exit to Lower Caves 6253 | -7/Factory | Identified exit to Garrison 6254 | -7/Factory | Entered Garrison 6254 | -7/Garrison | Accompanied by 3 allies 6328 | -7/Garrison | Triggered checkpoint 6342 | -7/Garrison | Triggered checkpoint 6449 | -7/Garrison | Destroyed 11 combat bots 6484 | -7/Garrison | Lost 4 parts (1p3w) 6530 | -7/Garrison | Triggered checkpoint 6548 | -7/Garrison | Triggered checkpoint 6669 | -7/Garrison | Discovered new exit (range 9) 6771 | -7/Garrison | Discovered new exit (range 10) 6794 | -7/Garrison | Installed Relay Interface Framework 6862 | -7/Garrison | Triggered checkpoint 6937 | -7/Garrison | Garrison Relay disabled 7286 | -7/Garrison | Discovered new exit (range 21) 7376 | -7/Garrison | Triggered checkpoint 7404 | -7/Garrison | Garrison Relay disabled 7928 | -7/Garrison | Garrison Relay disabled 8020 | -7/Garrison | Entered Factory 8020 | -6/Factory | Accompanied by 1 ally 8020 | -6/Factory | Evolved 2 slots: Utility x2 8082 | -6/Factory | Discovered new exit (range 14) 8290 | -6/Factory | Found Launcher Loader 8500 | -6/Factory | Identified exit to Garrison 8598 | -6/Factory | Discovered new exit (range 12) 8644 | -6/Factory | Discovered new exit (range 17) 8680 | -6/Factory | Discovered new exit (range 55) 8990 | -6/Factory | Entered Extension 9343 | -6/Extension | Energy Cycler disabled 9343 | -6/Extension | Rescued a captive Derelict 9343 | -6/Extension | Rescued a captive Derelict 9345 | -6/Extension | Rescued a captive Derelict 9346 | -6/Extension | Rescued a captive Derelict 9355 | -6/Extension | Rescued a captive Derelict 9770 | -6/Extension | Spotted B-75 Beast 9815 | -6/Extension | Disrupted transfer network 9829 | -6/Extension | Destroyed B-75 Beast 9856 | -6/Extension | Lost 6 parts (1p1n3u1w) 9857 | -6/Extension | Discovered new exit (range 15) 9857 | -6/Extension | Spotted B-75 Beast 9866 | -6/Extension | Destroyed 9 combat bots 9909 | -6/Extension | Lost 4 parts (3u1w) 10002 | -6/Extension | Destroyed B-75 Beast 10087 | -6/Extension | Core integrity fell below 50% 10149 | -6/Extension | Lost 7 parts (4n1u2w) 10151 | -6/Extension | Destroyed 8 combat bots 10390 | -6/Extension | First assault squad dispatched 11050 | -6/Extension | Lost 3 parts (1p1u1w) 11140 | -6/Extension | Core integrity fell below 20% 11214 | -6/Extension | Lost 11 parts (1p2n4u4w) 11241 | -6/Extension | Destroyed by G-67 Veteran with Plasma Rifle Last Messages --------------- 11164_ Destroyed Axe. 11167_ G-50 Soldier suffers critical hit. 11167_ G-50 Soldier destroyed. 11168_ System corrupted: Energy discharge (-80). 11168_ Rnf. Deuterium Engine destroyed. 11168_ Arm. Huge Wheel destroyed. 11178_ L-41 Fighter destroyed. 11178_ Destroyed Hvy. Laser. 11178_ Destroyed Backup Propulsion III. 11179_ Lrn. Missile Launcher destroyed. 11181_ Slammed into B-48 Gladiator. 11182_ Acquired 20 matter. 11182_ Slammed into G-67 Veteran. 11183_ Phase Cannon destroyed. 11196_ System Backup Module purges 1% of system corruption (4%). 11223_ System corrupted: Heat flow error (+285). 11223_ Imp. Medium Treads destroyed. 11223_ Adv. Heat Sink destroyed. 11239_ Acquired 47 matter. 11241_ Acquired 50 matter. Map ----- +----------------------------------------------------+ | | | | | | | | | | | | | | | | | | | | | | | | | | | | | | | | | | | | | | | ?????????????????????????????????????????????????? | | ?????????????????????????????????????????????????? | | ??????????????????????????########???????????????? | | #######????????#######????# ###?####????????? | | #????????# ###### ==!# ### ####?#??? | | ########## # %!%; ## ##"#?? | | % @/ %%]%*%! % #?? | | % ### ; R=! =## * # # #?? | | "" #?# !#### # %# * # ### | | = Y" ##/#########??# # !!# " [ | | "" # #??????# # ; **% #!=% | | # = #??????# # = %% ; = ##%% | | + % = #??????# # =; = %% | | # = #??????# # [ ; # =!#"#" | | # == #??????# #g ;############ ### | | !# #####??#g#b ; #???????###=### | | #########"#####%#g################!"=#"# | | % Ygg g =! = | | #"#########################################[[#### | | ####????????????????###?####???????????????####??? | | ?????????????????????????????????????????????????? | | ?????????????????????????????????????????????????? | | ?????????????????????????????????????????????????? | | ?????????????????????????????????????????????????? | | ?????????????????????????????????????????????????? | | ?????????????????????????????????????????????????? | | ?????????????????????????????????????????????????? | | ?????????????????????????????????????????????????? | | ?????????????????????????????????????????????????? | | ?????????????????????????????????????????????????? | | ?????????????????????????????????????????????????? | +----------------------------------------------------+ Best States ------------- Heat Dissipation 94 Energy Generation 18 Energy Capacity 500 Matter Stores 378 Matter Capacity 450 Sight Range 22 Terrain Scan Range 24 Terrain Scan Density 10 Jamming Range 8 Armor Coverage 825 Resistance: KI 30 Resistance: TH 15 Propulsion Shielding 66 Weapon Shielding 66 Weapon Cycling 15 Evasion (%) 40 Target Analysis 6 Recoil Reduction 3 Energy Filtering 30 Item Schematics ----------------- Adv. Treads | -8/Materials | Scanalyzed Lgt. Fission Core | -8/Materials | Scanalyzed Imp. Propulsion Shielding | -8/Materials | Scanalyzed Robot Schematics ------------------ M-13 Machinist | -10/Materials | Hacked O-16 Technician | -10/Materials | Hacked S-10 Pest | -10/Materials | Hacked Fabricated ------------ G-47 Trooper | x3 | -7/Factory | Preloaded O-16 Technician | x1 | -7/Factory Alien Tech Used ----------------- None Achievements -------------- None Challenges ------------ None Game ------ Seed LongswordCryofiberShredder Manual? 0 Play Time 01:35:02 Cumulative 304.7 hours Start 2019.11.22 @ 01:00:50 End 2019.11.22 @ 02:58:31 Sessions 1 Manual Loads 0 Difficulty Rogue Special Mode None Game No. 230 Rogue 230 Adventurer 0 Explorer 0 Win Type - Total 3 Types 3/0/0/0/0/0/0 Lore% 74 Gallery% 81 Achievement% 59 Wizard Run 0 Options --------- ASCII 0 Keyboard 0 Movement Mouse Keybinds 1 Fullscreen 2 Font 24/Smallcaps Map View 76x50 Tactical HUD 1 Map Filters NONE Filters NONE Steam 1 RUN: 3724530c-9522-451f-9a0c-b487f8318039